 Dungeon Crawl Stone Soup version 0.29.1-13-g9f3cf754e1 (webtiles) character file.

Game seed: 1985921864207661597

32 Thatpatchoflichen the Trooper (level 3, -2/39 HPs)
             Began as an Ogre Fighter on Feb 1, 2023.
             Slain by a black bear (3 damage)
             ... on level 3 of the Dungeon.
             The game lasted 00:02:33 (1585 turns).

Thatpatchoflichen the Trooper (Ogre Fighter)        Turns: 1585, Time: 00:02:33

Health: -2/39      AC:  3    Str: 22    XL:     3   Next: 25%
Magic:  3/3        EV:  8    Int:  9    God:
Gold:   116        SH:  7    Dex:  8    Spells: 2/2 levels left

rFire   . . .      SeeInvis .   a - +0 trident
rCold   . . .      Faith    .   c - +0 kite shield
rNeg    . . .      Spirit   .   b - +0 robe
rPois   .          Reflect  .   (helmet restricted)
rElec   .          Harm     .   (no cloak)
rCorr   .          Rampage  .   (gloves unavailable)
Will    .....                   (boots unavailable)
Stlth   +.........              (no amulet)
HPRegen 0.13/turn               (no ring)
MPRegen 0.08/turn               (no ring)

@: no status effects
A: large, unfitting armour, tough skin 1
a: no special abilities


You were on level 3 of the Dungeon.
You visited 1 branch of the dungeon, and saw 3 of its levels.

You collected 116 gold pieces.

Inventory:

Hand Weapons
 a - a +0 trident (weapon)
Armour
 b - a +0 robe (worn)
 c - a +0 kite shield (worn)
Scrolls
 i - a scroll of fear {unknown}
 j - a scroll of identify {unknown}
 k - a scroll of teleportation {unknown}
Potions
 d - 2 potions of might
 e - a potion of berserk rage {unknown}
 f - 2 potions of brilliance {unknown}
 g - a potion of flight {unknown}
 h - a potion of degeneration {unknown}


   Skills:
 - Level 4.0 Fighting
 + Level 2.6 Polearms
 + Level 3.1 Dodging
 + Level 3.4 Shields


You had 2 spell levels left.
You didn't know any spells.
Your spell library was empty.

Dungeon Overview and Level Annotations

Branches:
Dungeon (3/15)

Altars:


Innate Abilities, Weirdness & Mutations

You are too large for most types of armour.
You have tough skin. (AC +1)


Message History

The black bear bites you.
The black bear claws you but does no damage. x2
You hit the black bear.
The black bear is lightly wounded.
The black bear bites you but does no damage.
The black bear claws you. x2
You puncture the black bear!
The black bear is heavily wounded.
The black bear bites you. You block the black bear's attack.
The black bear claws you but does no damage.
The black bear barely misses you. You block the black bear's attack. x2
You hit the black bear but do no damage.
The black bear is heavily wounded.
The black bear completely misses you. You block the black bear's attack.
The black bear claws you but does no damage.
You barely miss the black bear.
The black bear is heavily wounded.
You block the black bear's attack. The black bear claws you.
You block the black bear's attack.
You puncture the black bear!
The black bear is severely wounded.
The black bear goes berserk!
You barely miss the black bear.
The black bear is severely wounded.
The black bear closely misses you. The black bear barely misses you.
You block the black bear's attack. The black bear bites you!
The black bear completely misses you. You block the black bear's attack.
The black bear bites you. The black bear claws you.
* * * LOW HITPOINT WARNING * * *
The black bear claws you but does no damage.
You barely miss the black bear.
The black bear is severely wounded.
The black bear bites you.
* * * LOW HITPOINT WARNING * * *
The black bear claws you.
* * * LOW HITPOINT WARNING * * *
The black bear claws you.
* * * LOW HITPOINT WARNING * * *
The black bear bites you.
You die...

#. ### #
######.####
#.. .
...........
#.#.#
###.##.###.
#.#.#
..#.###.
##.#.#
........
....#
..######
#..# .#
#@.# #.
#..h.# #
#.##.# #.
.# # .# .#
## ## #. ##


You could see a black bear (berserk).

Vanquished Creatures
  An adder (D:2)
  A worm (D:2)
  4 ball pythons
  3 bats
  An endoplasm (D:2)
  2 goblins (D:1)
  3 hobgoblins
  2 kobolds
  3 rats
20 creatures vanquished.

Notes
Turn   | Place    | Note
-------+----------+-------------------------------------------
     0 | D:1      | Thatpatchoflichen the Ogre Fighter began the quest for the
                  | Orb.
     0 | D:1      | Reached XP level 1. HP: 24/24 MP: 1/1
   474 | D:1      | Reached XP level 2. HP: 27/32 MP: 2/2
  1094 | D:2      | You fall into a shaft and drop 1 floor!
  1454 | D:2      | Reached XP level 3. HP: 36/39 MP: 3/3
  1576 | D:3      | Noticed a black bear
  1585 | D:3      | HP: 1/39 [black bear (3)]
  1585 | D:3      | Slain by a black bear

Illustrated notes

Levels and vault maps discovered:
D:1:      minmay_arrival_four_houses, layout_basic
D:2:      layout_loops_ring
D:3:      minmay_diamond_boxcup, layout_loops_corners, hangedman_decor_push,
          kennysheep_big_empty_room, grunt_decor_fettered

Skill      XL: |  1  2 |
---------------+-------+-----
Dodging        | 3 |  3.1
Fighting       | |  4.0
Polearms       | |  2.6
Shields        | |  3.4

Action                   || total
-------------------------++-------
Melee: Trident           ||    57
 Stab: Sleeping          ||     1
Armor: Robe              ||    14
Dodge: Dodged            ||    27
Block: Kite shield       ||    26
